AoeStats
← la Campanella

Arena

506840677Analyzed
4v4 RM · 17d ago on Sep 15, 2026· 50m 27s· 8 players
Game mode
Random Map
Map size
Large (8 player)
Population
200
Speed
Normal
Resources
Standard
Victory
Conquest
Starting age
Dark Age
Ending age
Imperial Age
RankedLock teamsTeams togetherTeam positionsShared explorationLock speedFull tech treeHidden civsTurbo modeCheats
Victory
Defeat
🇯🇵 Burmese · Japan
1147
+12
🇲🇳 Khmer · Mongolia
1127
+13
🇨🇳 Slavs · China
1124
+13
🇨🇳 Turks · China
1062
+17
🇨🇳 Chinese · China
1104
-15
🇨🇳 Hindustanis · China
1074
-14
🇨🇳 Burgundians · China
1044
-13
🇨🇳 Bohemians · China
1035
-13
la Campanella
4:21 Loom
12:16 Feudal Age
16:04 Castle Age
15:11 Double-Bit Axe
15:12 Horse Collar
30:11 Imperial Age
27:29 Treadmill Crane
28:00 Fortified Wall
28:12 Ballistics
28:48 Wheelbarrow
29:39 Stone Mining
29:41 Gold Mining
30:00 Heavy Plow
30:18 Bow Saw
30:16 Padded Archer Armor
30:07 Fletching
31:31 Hand Cart
32:08 Artillery
32:44 Bombard Tower
32:50 Bodkin Arrow
34:10 Bracer
35:06 Masonry
34:44 Arrowslits
38:23 Leather Archer Armor
38:38 Guilds
39:39 Ring Archer Armor
39:14 Scale Barding Armor
39:21 Forging
39:24 Bloodlines
39:15 Husbandry
41:30 Chain Barding Armor
42:16 Conscription
41:18 Elite Janissary
42:40 Hoardings
43:03 Gold Shaft Mining
43:18 Iron Casting
43:50 Two-Man Saw
46:23 Plate Barding Armor
46:49 Blast Furnace
48:52 Parthian Tactics
47:48 Heavy Cavalry Archer
48:41 Thumb Ring
49:58 Sipahi
GoMidNotCorner
10:46 Feudal Age
15:10 Castle Age
13:33 Double-Bit Axe
13:40 Horse Collar
16:48 Bow Saw
21:22 Heavy Plow
23:54 Wheelbarrow
23:28 Gold Mining
25:28 Hand Cart
24:58 Town Watch
26:14 Gold Shaft Mining
29:01 Imperial Age
27:02 Forging
26:52 Scale Mail Armor
26:45 Loom
26:53 Stone Mining
27:23 Fortified Wall
27:35 Pikeman
28:51 Town Patrol
29:29 Iron Casting
29:09 Chain Mail Armor
29:30 Squires
30:47 Two-Man Saw
30:24 Crop Rotation
30:30 Crop Rotation
29:23 Halberdier
30:53 Heavy Scorpion
31:22 Onager
32:27 Masonry
32:39 Ballistics
33:28 Detinets
33:48 Conscription
33:45 Druzhina
34:51 Chemistry
34:23 Siege Engineers
34:29 Masonry
34:34 Siege Onager
36:35 Fletching
37:16 Plate Mail Armor
37:46 Blast Furnace
36:44 Murder Holes
38:15 Capped Ram
40:19 Siege Ram
41:48 Hoardings
41:15 Druzhina
41:52 Scale Barding Armor
41:43 Bodkin Arrow
41:24 Elite Boyar
43:01 Man-at-Arms
46:36 Long Swordsman
47:58 Two-Handed Swordsman
49:14 Champion
XYHHY
2:08 Loom
12:25 Feudal Age
15:40 Castle Age
13:44 Double-Bit Axe
14:20 Horse Collar
14:39 Gold Mining
18:57 Fervor
20:12 Fervor
25:52 Wheelbarrow
26:49 Gold Shaft Mining
26:06 Stone Mining
26:27 Bow Saw
26:19 Heavy Plow
27:43 Stone Shaft Mining
30:11 Imperial Age
28:27 Hand Cart
29:44 Scale Barding Armor
29:51 Forging
30:27 Elite Battle Elephant
31:29 Chain Barding Armor
31:46 Iron Casting
32:32 Crop Rotation
33:05 Plate Barding Armor
33:31 Blast Furnace
32:35 Husbandry
32:45 Bloodlines
34:06 Tusk Swords
34:27 Conscription
40:59 Devotion
168kcal
11:50 Feudal Age
15:40 Castle Age
13:40 Horse Collar
14:08 Stone Mining
15:53 Wheelbarrow
16:45 Heavy Plow
17:55 Gold Mining
18:25 Loom
29:02 Imperial Age
25:57 Man-at-Arms
26:37 Squires
27:28 Gold Shaft Mining
27:02 Padded Archer Armor
27:08 Scale Barding Armor
27:17 Forging
27:08 Scale Mail Armor
26:47 Long Swordsman
27:52 Fletching
28:33 Ballistics
28:23 Fortified Wall
28:53 Bloodlines
28:43 Husbandry
29:29 Iron Casting
28:40 Gambesons
29:32 Hand Cart
29:08 Town Watch
29:19 Two-Handed Swordsman
30:46 Conscription
31:20 Chain Mail Armor
31:27 Town Patrol
31:17 Pikeman
33:33 Chemistry
32:44 Masonry
32:42 Halberdier
32:59 Champion
34:16 Plate Mail Armor
35:35 Blast Furnace
38:35 Crop Rotation
45:37 Siege Engineers
随便玩玩
11:40 Feudal Age
15:39 Castle Age
13:46 Double-Bit Axe
14:40 Horse Collar
16:49 Wheelbarrow
23:15 Heavy Plow
27:28 Imperial Age
26:24 Bow Saw
27:47 Chemistry
26:53 Fletching
27:05 Scale Mail Armor
27:00 Pikeman
27:40 Squires
27:52 Treadmill Crane
29:19 Two-Man Saw
29:08 Bodkin Arrow
29:50 Bracer
33:00 Hand Cart
33:46 Houfnice
35:08 Halberdier
36:22 Forging
36:27 Chain Mail Armor
38:13 Iron Casting
38:45 Plate Mail Armor
39:20 Ballistics
41:26 Blast Furnace
40:35 Siege Engineers
40:43 Masonry
阿巴阿巴
0:41 Loom
10:09 Feudal Age
17:19 Castle Age
16:21 Double-Bit Axe
18:25 Horse Collar
24:04 Stone Mining
25:00 Heavy Plow
26:08 Bow Saw
31:10 Imperial Age
28:54 Fletching
29:26 Town Watch
30:16 Wheelbarrow
30:26 Bodkin Arrow
30:31 Padded Archer Armor
31:58 Thumb Ring
32:30 Bracer
32:45 Leather Archer Armor
33:38 Chemistry
34:30 Conscription
36:11 Two-Man Saw
38:58 Ring Archer Armor
38:52 Elite Chu Ko Nu
41:00 Forging
40:50 Scale Mail Armor
41:11 Fortified Wall
40:44 Pikeman
41:25 Squires
41:10 Arson
42:17 Iron Casting
42:31 Gold Mining
43:23 Chain Mail Armor
42:33 Elite Skirmisher
43:53 Hand Cart
43:39 Town Patrol
44:34 Ballistics
43:56 Halberdier
48:37 Blast Furnace
48:07 Plate Mail Armor
49:12 Heavy Rocket Cart
tate
6:12 Double-Bit Axe
8:19 Horse Collar
11:12 Feudal Age
15:40 Castle Age
14:28 Bow Saw
14:39 Heavy Plow
20:39 Wheelbarrow
21:55 Town Watch
23:29 Gold Mining
29:40 Imperial Age
26:56 Town Watch
27:27 Hand Cart
27:21 Scale Barding Armor
27:26 Forging
27:34 Cavalier
29:18 Chain Barding Armor
29:33 Iron Casting
29:44 Paladin
31:43 Two-Man Saw
31:15 Conscription
31:19 Loom
32:32 Plate Barding Armor
32:07 Husbandry
34:02 Chemistry
34:25 Blast Furnace
39:53 Light Cavalry
41:40 Hussar
44:30 Masonry
44:42 Ballistics
360216051
4:51 Loom
9:45 Feudal Age
15:40 Castle Age
13:57 Double-Bit Axe
13:54 Horse Collar
17:30 Bow Saw
20:37 Wheelbarrow
21:34 Gold Mining
21:35 Stone Mining
22:41 Hand Cart
23:42 Heavy Plow
25:06 Gold Shaft Mining
28:56 Imperial Age
27:55 Bloodlines
27:45 Husbandry
27:55 Scale Barding Armor
28:47 Stone Shaft Mining
28:34 Forging
29:13 Chain Barding Armor
29:05 Heavy Camel Rider
30:32 Town Watch
31:48 Two-Man Saw
32:01 Plate Barding Armor
32:25 Iron Casting
33:02 Grand Trunk Road
33:23 Conscription
32:49 Imperial Camel Rider
37:38 Blast Furnace
38:43 Scale Mail Armor
39:00 Caravan
42:17 Chain Mail Armor
41:46 Elite Ghulam
43:13 Light Cavalry
43:51 Hussar
47:46 Fortified Wall
Connection lost

Rejoining the realm…

Still unreachable

The connection could not be restored.

Session expired

The server has moved on; the page needs a fresh start.